 Dungeon Crawl Stone Soup version 0.30.1-4-g462c640d31 (webtiles) character file.

Game seed: 16330812682069530882

37 safid the Chiller (level 3, 0/27 HPs)
             Began as a Merfolk Ice Elementalist on Sept 7, 2023.
             Succumbed to an adder's poison
             ... on level 2 of the Dungeon.
             The game lasted 00:01:57 (1138 turns).

safid the Chiller (Merfolk Ice Elementalist)        Turns: 1138, Time: 00:01:58

Health: 0/27       AC:  2    Str:  8    XL:     3   Next: 41%
Magic:  2/6        EV: 12    Int: 16    God:
Gold:   9          SH:  0    Dex: 14    Spells: 3/7 levels left

rFire   . . .        d - +0 lajatang
rCold   . . .        (shield currently unavailable)
rNeg    + . .        a - +0 robe
rPois   .            (no helmet)
rElec   .            (no cloak)
rCorr   .            (no gloves)
SInv    .            (no boots)
Will    .....        (no amulet)
Stlth   ++           e - ring of positive energy
HPRegen 0.24/turn    (no ring)
MPRegen 0.10/turn

%: no passive effects
@: lethally poisoned (0 -> -3), weak-willed
A: (nimble swimmer 2), mertail
a: no special abilities


You were on level 2 of the Dungeon.
You visited 1 branch of the dungeon, and saw 2 of its levels.

You collected 9 gold pieces.

Inventory:

Hand Weapons
 d - a +0 lajatang (weapon)
Armour
 a - a +0 robe (worn)
 l - a +0 pair of boots
Jewellery
 e - a ring of positive energy (left hand)
Scrolls
 f - a scroll of torment
 i - a scroll of fog {unknown}
 j - a scroll of identify
 k - a scroll of magic mapping {unknown}
Potions
 b - a potion of magic


   Skills:
 + Level 1.7 Fighting
 - Level 2.6 Dodging
 - Level 2.1 Stealth
 + Level 2.5 Spellcasting
 + Level 4.8 Ice Magic


You had 3 spell levels left.
You knew the following spells:

 Your Spells              Type           Power      Damage    Failure   Level
a - Freeze                Ice            68%        1d8       2%          1
b - Frozen Ramparts       Ice            34%        1d6       8%          3

Your spell library contained the following spells:

 Spells                   Type           Power      Damage    Failure   Level
 Ozocubu's Armour         Ice            17%        N/A       8%          3
 Summon Ice Beast         Ice/Summ       9%         N/A       58%         4


Dungeon Overview and Level Annotations

Branches:
Dungeon (2/15)

Altars:


Innate Abilities, Weirdness & Mutations

((You are very nimble when in or above water. (Stealth+, EV+, Speed+++)))
Your lower body shifts to a powerful aquatic tail in water.


Message History

Unknown command.
Unknown command.
Unknown command.
Unknown command.
Unknown command.
Unknown command.
Okay, then.
Unknown command.
Unknown command.
As you read the scroll labelled GEOTUCS NITTEY, it crumbles to dust.
It is a scroll of identify.
f - a scroll of torment
* * * LOW HITPOINT WARNING * * *
You feel sick. The adder closely misses you.
As you read the scroll labelled UFRATRI QITSOE, it crumbles to dust.
You hear a loud clanging noise!
It was a scroll of noise.
* * * LOW HITPOINT WARNING * * *
You feel sick.
You hear an angry hiss. x2
The adder closely misses you.
An orc priest comes into view. It is wielding a +0 club.
Unknown command.
Unknown command.
As you read the scroll labelled PYUMUW ITI EXU, it crumbles to dust.
Magic quickly surges around you.
It was a scroll of vulnerability.
* * * LOW HITPOINT WARNING * * *
You feel sick. The adder barely misses you. The adder closely misses you.
Unknown command.
Unknown command.
As you read the scroll labelled BAUHUU YBEARGH, it crumbles to dust.
It is a scroll of amnesia.
Forget Frozen Ramparts, freeing 3 spell levels for a total of 6?
Really abort (and waste the scroll)? [Y]es or [N]o only, please.
Really abort (and waste the scroll)? [Y]es or [N]o only, please.
Really abort (and waste the scroll)?
Okay, then.
You die... ## ##.? ..... ..... ###.#.#####+############ ....................>... #.#.!@..###.###.##.### ##S##.# #.# #.##.## .oo

#.# ..# #.....##
.....
#.#.########..#.
#.###.# #.#r
.........#. # #.
#.# .######.##.
#. #.#
#......... .. ..
#....#.##(
....#[.....


You could see an adder (weak-willed) and 2 orcs.

Vanquished Creatures
  An adder (D:2)
  2 orcs (D:2)
  2 bats (D:1)
  An endoplasm (D:2)
  4 giant cockroaches
  2 goblins
  4 hobgoblins
  A kobold (D:1)
  2 quokkas (D:2)
  4 rats
23 creatures vanquished.

Notes
Turn   | Place    | Note
-------+----------+-------------------------------------------
     0 | D:1      | safid the Merfolk Ice Elementalist began the quest for the
                  | Orb.
     0 | D:1      | Reached XP level 1. HP: 13/13 MP: 3/3
   199 | D:1      | Reached XP level 2. HP: 19/20 MP: 5/5
   217 | D:1      | Reached skill level 1 in Fighting
   966 | D:2      | Reached XP level 3. HP: 14/26 MP: 1/6
  1018 | D:2      | Learned a level 3 spell: Frozen Ramparts
  1137 | D:2      | HP: 1/27 [poisoned by an adder]
  1138 | D:2      | Succumbed to an adder's poison

Illustrated notes

Levels and vault maps discovered:
D:1:      matt_arrival_refuge, layout_basic, serial_bayou_crossing
D:2:      layout_basic, basic_altar

Skill      XL: |  1  2 |
---------------+-------+-----
Fighting       | 1 |  1.7
Dodging        | |  2.6
Stealth        | |  2.1
Spellcasting   | |  2.5
Ice Magic      | |  4.8

Action                     || total
---------------------------++-------
  Melee: Lajatang          ||    64
   Cast: Freeze            ||     9
    Use: Scroll            ||     4
   Stab: Sleeping          ||     1
 Armour: Robe              ||    18
  Dodge: Dodged            ||    59
